 Dungeon Crawl Stone Soup version 0.29.1-2-gbd0b4ee654 (webtiles) character file.

Game seed: 6187583072534432669

189 Hiippo the Protected (level 5, -3/41 HPs)
             Began as a Gnoll Wanderer on Nov 29, 2022.
             Was a Follower of Dithmenos.
             Killed by divine providence
             ... invoked by an orc priest
              (17 damage)
             ... on level 3 of the Dungeon.
             The game lasted 00:17:23 (3040 turns).

Hiippo the Protected (Gnoll Wanderer)               Turns: 3040, Time: 00:17:24

Health: -3/41      AC: 13    Str: 13    XL:     5   Next: 68%
Magic:  9/9        EV:  7    Int:  9    God:    Dithmenos [*.....]
Gold:   163        SH:  0    Dex: 14    Spells: 9/10 levels left

rFire   . . .      SeeInvis +   z - +0 short sword (speed)
rCold   . . .      Faith    .   (no shield)
rNeg    . . .      Spirit   .   d - +0 chain mail
rPois   .          Reflect  .   (no helmet)
rElec   .          Harm     .   (no cloak)
rCorr   .          Rampage  .   (no gloves)
Will    .....                   m - +0 pair of boots
Stlth   ..........              o - amulet of magic regeneration
HPRegen 0.13/turn               h - ring of see invisible
MPRegen 0.51/turn               (no ring)

@: wreathed by umbra
A: fangs 1, strong nose, distributed training
a: Renounce Religion


You were on level 3 of the Dungeon.
You worshipped Dithmenos.
Dithmenos was aware of your devotion.
You visited 1 branch of the dungeon, and saw 3 of its levels.

You collected 163 gold pieces.

Inventory:

Hand Weapons
 a - a +0 dagger
 k - a +0 falchion
 u - a +0 sling
 z - a +0 short sword of speed (weapon)
Missiles
 s - 12 poisoned darts
 y - 5 silver boomerangs (quivered)
Armour
 d - a +0 chain mail (worn)
 m - a +0 pair of boots (worn)
Jewellery
 h - a ring of see invisible (left hand)
 o - an amulet of magic regeneration (around neck)
 q - a ring of ice
Scrolls
 b - 2 scrolls of silence
 c - 2 scrolls of fear {unknown}
 f - a scroll of amnesia {unknown}
 j - 8 scrolls of identify {unknown}
 l - 2 scrolls of blinking {unknown}
 n - a scroll of brand weapon {unknown}
 t - a scroll of immolation {unknown}
 w - a scroll of butterflies {unknown}
 x - a scroll of teleportation {unknown}
Potions
 e - 3 potions of lignification {unknown}
 g - 4 potions of curing
 i - a potion of heal wounds {unknown}
 p - a potion of brilliance {unknown}
 r - 2 potions of haste {unknown}
 v - a potion of resistance {unknown}


   Skills:
 + Level 3.1 Fighting
 + Level 1.6 Short Blades
 + Level 1.6 Long Blades
 + Level 1.6 Axes
 + Level 1.6 Maces & Flails
 + Level 1.6 Polearms
 + Level 1.6 Staves
 + Level 1.6 Ranged Weapons
 + Level 1.6 Throwing
 + Level 10.5 Armour
 + Level 3.1 Dodging
 + Level 1.6 Stealth
 + Level 1.6 Shields
 + Level 1.6 Unarmed Combat
 + Level 3.2 Spellcasting
 + Level 1.3 Conjurations
 + Level 1.3 Hexes
 + Level 1.3 Summonings
 + Level 1.3 Necromancy
 + Level 1.3 Translocations
 + Level 1.3 Transmutations
 + Level 1.3 Fire Magic
 + Level 1.3 Ice Magic
 + Level 1.3 Air Magic
 + Level 2.5 Earth Magic
 + Level 1.3 Poison Magic
 + Level 3.2 Invocations
 + Level 1.6 Evocations


You had 9 spell levels left.
You knew the following spells:

 Your Spells              Type           Power      Damage    Failure   Level
a - Sandblast             Erth           10%        2d5       86%         1

Your spell library contained the following spells:

 Spells                   Type           Power      Damage    Failure   Level
 Apportation              Tloc           6%         N/A       95%         1
 Necrotise                Necr           12%        1d4       95%         1
 Summon Small Mammal      Summ           12%        N/A       95%         1
 Stone Arrow              Conj/Erth      8%         3d7       100%        3


Dungeon Overview and Level Annotations

Branches:
Dungeon (3/15)

Altars:
Dithmenos


Innate Abilities, Weirdness & Mutations

You have very sharp teeth.
Your uncanny sense of smell can sniff out nearby items.
Your experience applies equally to all skills.


Message History

The orc priest barely misses you. The orc wizard completely misses you.
The orc wizard attacks as you move away!
The orc wizard hits you but does no damage.
The orc priest calls down the wrath of Beogh upon you.
Beogh smites you!
The orc wizard points at you and mumbles some strange words.
The puff of flame hits you but does no damage.
You barely miss the orc priest.
The orc priest is moderately wounded.
You hit the orc priest but do no damage.
You bite the orc priest, but do no damage.
The orc priest is moderately wounded.
The orc priest hits you but does no damage.
You hit the orc priest but do no damage.
The orc priest is moderately wounded.
You barely miss the orc priest.
The orc priest is moderately wounded.
The orc priest hits you with a +0 whip.
You completely miss the orc priest.
The orc priest is moderately wounded.
The orc priest barely misses you.
You completely miss the orc priest.
You bite the orc priest, but do no damage.
The orc priest is moderately wounded.
You closely miss the orc priest. You bite the orc priest.
The orc priest is moderately wounded.
The orc priest barely misses you.
You hit the orc priest. Your bite misses the orc priest.
The orc priest is severely wounded.
The orc priest barely misses you.
You closely miss the orc priest.
The orc priest is severely wounded.
The orc priest barely misses you.
You hit the orc priest.
The orc priest is almost dead.
You barely miss the orc priest. You bite the orc priest.
The orc priest is almost dead.
The orc priest calls down the wrath of Beogh upon you.
Beogh smites you!
You die...

.................#......>...#....
.....#....##....)................
.......)............###.##..#....
..####...............##.###.#....
..###....#..............# #......
...##.####..............####.....
##..#.# #........##......##..###
##.#.####.......o...)........#
#......#......@#.#.#.....##..#
###.##.....#####.###....####.#
#...######.......# #....##
###.### #.#####.# ###...## ##
#.....## #.# #.. #....## .#
..###..#####.# ##. .##.....# .#
..#.#........# ##.....#..##o.
.##.##.......# #.........#..
.#...#.......# #####...#)..[


You could see an orc priest.

Vanquished Creatures
  A scorpion (D:3)
  A hound (D:3)
  An orc wizard (D:3)
  2 adders
  A dart slug (D:3)
  8 orcs (D:3)
  8 endoplasms
  2 giant cockroaches
  2 goblins
  2 hobgoblins (D:1)
  3 jackals (D:2)
  2 quokkas
  6 ball pythons
  4 bats
  2 kobolds
  A rat (D:3)
46 creatures vanquished.

Notes
Turn   | Place    | Note
-------+----------+-------------------------------------------
     0 | D:1      | Reached skill level 10 in Armour
     0 | D:1      | Hiippo the Gnoll Wanderer began the quest for the Orb.
     0 | D:1      | Hiippo set off with the following items: a +0 dagger, a
                  | scroll of silence, a potion of berserk rage, a +0 chain
                  | mail; and the following spell memorised: Sandblast; and the
                  | following spells available to memorise: Stone Arrow.
     0 | D:1      | Reached XP level 1. HP: 17/17 MP: 4/4
   354 | D:1      | Reached XP level 2. HP: 23/23 MP: 5/5
   652 | D:2      | You fall into a shaft and drop 1 floor!
   711 | D:3      | Noticed a scorpion
   722 | D:3      | Killed a scorpion
   723 | D:3      | Reached skill level 1 in Short Blades
   723 | D:3      | Reached skill level 1 in Long Blades
   723 | D:3      | Reached skill level 1 in Axes
   723 | D:3      | Reached skill level 1 in Maces & Flails
   723 | D:3      | Reached skill level 1 in Polearms
   723 | D:3      | Reached skill level 1 in Staves
   723 | D:3      | Reached skill level 1 in Ranged Weapons
   723 | D:3      | Reached skill level 1 in Throwing
   723 | D:3      | Reached skill level 1 in Stealth
   723 | D:3      | Reached skill level 1 in Shields
   723 | D:3      | Reached skill level 1 in Unarmed Combat
   723 | D:3      | Reached skill level 1 in Evocations
   723 | D:3      | Reached XP level 3. HP: 6/28 MP: 5/7
   723 | D:3      | Reached XP level 4. HP: 7/34 MP: 5/8
   728 | D:3      | HP: 2/51 [poisoned by a scorpion]
  1359 | D:3      | Reached skill level 1 in Conjurations
  1359 | D:3      | Reached skill level 1 in Hexes
  1359 | D:3      | Reached skill level 1 in Summonings
  1359 | D:3      | Reached skill level 1 in Necromancy
  1359 | D:3      | Reached skill level 1 in Translocations
  1359 | D:3      | Reached skill level 1 in Transmutations
  1359 | D:3      | Reached skill level 1 in Fire Magic
  1359 | D:3      | Reached skill level 1 in Ice Magic
  1359 | D:3      | Reached skill level 1 in Air Magic
  1359 | D:3      | Reached skill level 1 in Poison Magic
  1800 | D:2      | Reached XP level 5. HP: 38/40 MP: 9/9
  2233 | D:2      | Found a faded altar of an unknown god.
  2242 | D:2      | Prayed at the altar of an unknown god.
  2242 | D:2      | Became a worshipper of Dithmenos the Shadowed
  2242 | D:2      | Reached * piety under Dithmenos
  3040 | D:3      | Killed from afar by an orc priest

Illustrated notes

Levels and vault maps discovered:
D:1:      dpeg_arrival_tiny_d, layout_basic, chequers_mini_garden
D:2:      layout_basic, hellmonk_ecumenical_altar_inner_sanctum,
          corexii_leaking_fountain
D:3:      layout_rooms, minmay_ruptured

Skill      XL: |  1  2  3  4  5 |
---------------+----------------+-----
Armour         | | 10.5
Earth Magic    | 2 |  2.5
Short Blades   | 1 |  1.6
Long Blades    | 1 |  1.6
Axes           | 1 |  1.6
Maces & Flails | 1 |  1.6
Polearms       | 1 |  1.6
Staves         | 1 |  1.6
Ranged Weapons | 1 |  1.6
Throwing       | 1 |  1.6
Stealth        | 1 |  1.6
Shields        | 1 |  1.6
Unarmed Combat | 1 |  1.6
Spellcasting   | 3 |  3.2
Evocations     | 1 |  1.6
Conjurations   | 1 |  1.3
Hexes          | 1 |  1.3
Summonings     | 1 |  1.3
Necromancy     | 1 |  1.3
Translocations | 1 |  1.3
Transmutations | 1 |  1.3
Fire Magic     | 1 |  1.3
Ice Magic      | 1 |  1.3
Air Magic      | 1 |  1.3
Poison Magic   | 1 |  1.3
Invocations    | 3 |  3.2
Fighting       | 3 |  3.1
Dodging        | 3 |  3.1

Action                   |  1- 3 |  4- 6 || total
-------------------------+-------+-------++-------
Melee: Falchion          |    31 |    82 ||   113
       Dagger            |     9 |       ||     9
       Bite              |     4 |    14 ||    18
       Punch             |     1 |     4 ||     5
       Short sword       |       |    37 ||    37
Throw: Boomerang         |       |    21 ||    21
  Use: Potion            |       |     1 ||     1
Armor: Chain mail        |    25 |    74 ||    99
Dodge: Dodged            |    14 |    55 ||    69
